 Dungeon Crawl Stone Soup version 0.22.0-75-g3901e79 (webtiles) character file.

53 JeffiDaFish the Poker (level 3, -4/28 HPs)
             Began as a Demonspawn Gladiator on Sept 11, 2018.
             Slain by a worm (10 damage)
             ... on level 3 of the Dungeon.
             The game lasted 00:03:36 (2137 turns).

JeffiDaFish the Poker (Demonspawn Gladiator)        Turns: 2137, Time: 00:03:37

Health: -4/28      AC:  5    Str: 14 (15) XL:     3   Next: 64%
Magic:  3/3        EV: 12    Int:  6 (9)  God:
Gold:   195        SH:  0    Dex: 12 (14) Spells: 2/2 levels left

rFire    . . .     SeeInvis .   a - +0 trident
rCold    . . .     Gourm    .   (no shield)
rNeg     . . .     Faith    .   b - +0 leather armour
rPois    .         Spirit   .   c - +0 helmet
rElec    +         Reflect  .   (no cloak)
rCorr    .         Harm     .   (no gloves)
MR       .....                  j - +0 pair of boots
Stlth    +.........             (no amulet)
HPRegen  0.09/turn              (no ring)
MPRegen  0.08/turn              (no ring)

@: drained
A: talons 1, electricity resistance, no potion heal 1
a: no special abilities


You were on level 3 of the Dungeon.
You were not hungry.

You visited 1 branch of the dungeon, and saw 3 of its levels.

You collected 195 gold pieces.

Inventory:

Hand Weapons
 a - a +0 trident (weapon)
Missiles
 d - 3 throwing nets (quivered)
Armour
 b - a +0 leather armour (worn)
 c - a +0 helmet (worn)
 j - a +0 pair of boots (worn)
Scrolls
 e - a scroll of teleportation
 g - a scroll of identify
 h - a scroll of remove curse
 k - a scroll of fog
Comestibles
 f - 9 rations
 i - 4 chunks of flesh


   Skills:
 + Level 2.4(2.3) Fighting
 * Level 3.4(3.2) Polearms
 - Level 1.7(1.6) Throwing
 * Level 1.7(1.6) Armour
 - Level 2.7(2.6) Dodging


You had 2 spell levels left.
You didn't know any spells.
Your spell library was empty.

Dungeon Overview and Level Annotations

Branches:
Dungeon (3/15)

Altars:


Innate Abilities, Weirdness & Mutations

You have sharp toenails.
You are resistant to electric shocks. (rElec)
Potions are less effective at restoring your health.


Message History

Press: ? - help, Dir - move target cursor, f - worm
Aim: a worm You hit the worm.
The worm is moderately wounded.
Attack whom?
Press: ? - help, Dir - move target cursor, f - you, p - worm
Okay, then.
There is an open door here.
Attack whom?
Press: ? - help, Dir - move target cursor, f/p - worm
Aim: a worm (lightly wounded)
You reach to attack!
You barely miss the worm.
The worm is lightly wounded.
Attack whom?
Press: ? - help, Dir - move target cursor, f/p - worm
Aim: a worm (lightly wounded)
You hit the worm but do no damage.
The worm is lightly wounded.
The worm bites you!
You die...

#.#....#...#..........#
#..#####...#..........##
'...####................
#..............#.####.........
#...........####.## #.........
#.................# #.......#
#....##...........#
#.......####
#....##...........#
#...........
#....##....#####@####.........#
.....###.###.....w..#.........#
#### .# #..≈....†..≈.≈.....#
#.≈≈≈..≈.≈≈.≈......#
#..≈≈≈≈≈≈≈≈≈≈≈.....#
#.≈≈≈≈≈≈≈≈≈≈≈......#
..≈≈≈≈≈≈≈≈≈≈≈.......#
...≈≈≈≈.≈.≈≈≈≈......#
....≈≈≈._♣≈≈≈≈.######


You could see a worm.

Vanquished Creatures
  An adder (D:3)
  An ooze (D:3)
  A worm (D:2)
  2 dart slugs (D:1)
  3 leopard geckos
  A giant cockroach (D:3)
  5 hobgoblins
  A quokka (D:2)
  A ball python (D:1)
  5 bats
  2 frilled lizards (D:2)
  2 goblins (D:2)
  4 kobolds
  A rat (D:1)
30 creatures vanquished.

Notes
Turn   | Place    | Note
-------+----------+-------------------------------------------
     0 | D:1      | JeffiDaFish the Demonspawn Gladiator began the quest for
                  | the Orb.
     0 | D:1      | Reached XP level 1. HP: 16/16 MP: 1/1
   457 | D:1      | Gained mutation: You have sharp toenails. [demonic
                  | ancestry]
   457 | D:1      | Reached XP level 2. HP: 17/22 MP: 2/2
   680 | D:1      | Gained mutation: You expend magic power (3 MP) to
                  | strengthen your wands. [potion of mutation]
   680 | D:1      | Gained mutation: You possess an exceptional clarity of
                  | mind. [potion of mutation]
   682 | D:1      | Reached skill level 3 in Polearms
   793 | D:1      | Reached skill level 1 in Armour
  1184 | D:2      | Lost mutation: You possess an exceptional clarity of mind.
                  | [potion of mutation]
  1184 | D:2      | Lost mutation: You expend magic power (3 MP) to strengthen
                  | your wands. [potion of mutation]
  1184 | D:2      | Gained mutation: Potions are less effective at restoring
                  | your health. [potion of mutation]
  1184 | D:2      | Gained mutation: You are resistant to electric shocks.
                  | (rElec) [potion of mutation]
  1766 | D:2      | Reached XP level 3. HP: 28/28 MP: 3/3
  2111 | D:3      | Found a faded altar of an unknown god.
  2137 | D:3      | Slain by a worm

Skill      XL: |  1  2 |
---------------+-------+-----
Polearms       | 3 |  3.4
Armour         | 1 |  1.7
Fighting       | |  2.4
Throwing       | |  1.7
Dodging        | |  2.7

Action                   || total
-------------------------++-------
Melee: Trident           ||    85
       Kick              ||     7
  Use: Scroll            ||     6
       Potion            ||     5
 Stab: Distracted        ||     1
  Eat: Chunk             ||     4
Armor: Leather armour    ||    23
Dodge: Dodged            ||    37
